 Dungeon Crawl Stone Soup version 0.20.0-15-g7f486f2 (webtiles) character file.

77 Alannah the Skirmisher (level 4, -9/29 HPs)
             Began as a Gargoyle Berserker on June 28, 2017.
             Was a Believer of Trog.
             Mangled by an ogre
             ... wielding a +0 giant club
              (14 damage)
             ... on level 2 of the Dungeon.
             The game lasted 00:05:07 (1989 turns).

Alannah the Skirmisher (Gargoyle Berserker)         Turns: 1989, Time: 00:05:07

Health: -9/29      AC:  8    Str: 20 (22) XL:     4   Next: 33%
Magic:  4/4        EV: 12    Int:  6 (7)  God:    Trog [**....]
Gold:   85         SH:  0    Dex:  7 (9)  Spells: 3/3 levels left

rFire    . . .     SeeInvis .   a - +0 mace
rCold    . . .     Gourm    .   (no shield)
rNeg     + . .     Faith    .   b - +0 animal skin
rPois    ∞         Spirit   .   (no helmet)
rElec    +         Reflect  .   h - +1 cloak
rCorr    .         Harm     +   (no gloves)
MR       .....                  (no boots)
Stlth    +.........             k - amulet of harm
Regen    0.1/turn               (no ring)
MPRegen  0.1/turn               (no ring)

@: no status effects
A: negative energy resistance 1, electricity resistance, unbreathing,
petrification resistance, rot immunity, AC +3
a: Berserk, Trog's Hand, Burn Spellbooks, Renounce Religion


You were on level 2 of the Dungeon.
You worshipped Trog.
Trog was pleased with you.
You were not hungry.

You visited 1 branch of the dungeon, and saw 2 of its levels.

You collected 85 gold pieces.

Inventory:

Hand Weapons
 a - a +0 mace (weapon)
Armour
 b - a +0 animal skin (worn)
 h - a +1 cloak (worn)
Jewellery
 k - an amulet of harm (around neck)
Scrolls
 e - 4 scrolls of remove curse {unknown}
 l - a scroll of magic mapping {unknown}
Potions
 d - a potion of degeneration
 g - a potion of mutation {unknown}
 i - a potion of agility {unknown}
Comestibles
 c - 2 bread rations
 f - a chunk of flesh
 j - a fruit


   Skills:
 * Level 4.1 Fighting
 + Level 3.3 Maces & Flails
 * Level 3.3 Armour
 + Level 2.0 Dodging


You had 3 spell levels left.
You didn't know any spells.

Dungeon Overview and Level Annotations

Branches:
Dungeon (2/15)

Altars:
The Shining One


Innate Abilities, Weirdness & Mutations

You are resistant to torment.
Your stone body is resilient. (AC +3)
You are immune to poison.
You resist negative energy. (rN+)
You are resistant to electric shocks. (rElec)
You can survive without breathing.
You are immune to petrification.
You are immune to rotting.


Message History

The ogre moves out of view.
The ogre is too close now for your liking.
There is an escape hatch in the ceiling here.
The ogre barely misses you.
You hit the ogre.
The ogre is lightly wounded.
The ogre hits you with a giant club!!
Ouch! That really hurt!
* * * LOW HITPOINT WARNING * * *
You hit the ogre but do no damage.
The ogre is lightly wounded.
The ogre closely misses you.
It was a potion of degeneration.
There was something very wrong with that liquid.
You feel weakened.
You feel dopey.
You feel clumsy. The ogre barely misses you.
You hit the ogre.
The ogre is moderately wounded.
The ogre hits you with a giant club!
You die...

###.##.######.......##
##..##. #.####
##.....## ##.##. #.#
##...## #.##. #.#
##'## #.... ...
######.## #..## ...
#.......# #.... ...
#.####..# ##.##
#.###<..##########.#
#.##@..............#
#.#O....############
.###.###..###..#
..........# #.##
####.####.###.#
##....# ####.# #.# #.#


You could see an ogre.

Vanquished Creatures
  3 adders (D:2)
  An ooze (D:1)
  2 dart slugs (D:2)
  2 leopard geckos (D:1)
  2 giant cockroaches
  A goblin (D:2)
  2 hobgoblins (D:1)
  4 jackals (D:2)
  7 bats
  2 frilled lizards (D:1)
  11 kobolds
  5 rats
42 creatures vanquished.

Notes
Turn   | Place    | Note
-------+----------+-------------------------------------------
     0 | D:1      | Alannah the Gargoyle Berserker began the quest for the Orb.
     0 | D:1      | Reached XP level 1. HP: 14/14 MP: 1/1
    80 | D:1      | Reached XP level 2. HP: 11/19 MP: 2/2
   627 | D:1      | Reached XP level 3. HP: 24/24 MP: 3/3
   999 | D:2      | Reached ** piety under Trog
  1319 | D:2      | Reached skill level 4 in Fighting
  1482 | D:2      | Reached XP level 4. HP: 20/29 MP: 4/4
  1799 | D:2      | Found a glowing golden altar of the Shining One.
  1982 | D:2      | Noticed an ogre
  1989 | D:2      | Mangled by an ogre

Skill      XL: |  1  2  3 |
---------------+----------+-----
Armour         | 3 |  3.3
Dodging        | 2 |  2.0
Fighting       | 4 |  4.1
Maces & Flails | |  3.3

Action                   |  1- 3 |  4- 6 || total
-------------------------+-------+-------++-------
Melee: Mace              |   123 |    35 ||   158
  Use: Potion            |       |     1 ||     1
 Stab: Sleeping          |     1 |       ||     1
  Eat: Chunk             |     2 |     2 ||     4
Armor: Animal skin       |    52 |    16 ||    68
Dodge: Dodged            |   132 |    31 ||   163
